 Dungeon Sprint DCSS version 0.18-a0-1426-g3b9a63c (webtiles) character file.

201 chei the Skirmisher (level 5, -8/55 HPs)
             Began as a Naga Fighter on Feb 27, 2016.
             Was a Follower of Cheibriados.
             Mangled by an orc warrior
             ... wielding a +0 scimitar
              (10 damage)
             ... in the Dungeon (Sprint IX: "|||||||||||||||||||||||||||||").
             The game lasted 00:01:29 (451 turns).

chei the Skirmisher (Naga Fighter)                   Turns: 451, Time: 00:01:29

Health: -8/55      AC: 15    Str: 28    XL:     5   Next: 79%
Magic:  5/5        EV:  4    Int: 14    God:    Cheibriados [*.....]
Gold:   0          SH: 11    Dex: 13    Spells: 0 memorised, 4 levels left

rFire  . . .     SeeInvis +     a - +0 long sword
rCold  . . .     Gourm    .     r - +1 chain mail
rNeg   . . .     Faith    .     c - +0 shield
rPois  +         Spirit   .     (no helmet)
rElec  .         Dismiss  .     (no cloak)
rCorr  .         Reflect  .     (no gloves)
SustAt .         Harm     .     q - +0 naga barding
MR     .....     NoTele   +     (no amulet)
Stlth  ..........               t - +2 ring of protection
                                s - +3 ring of intelligence

@: mighty, very slightly contaminated, invisible, very slow, not resistant to
hostile enchantments, extremely unstealthy
A: see invisible, deformed body, poison resistance, slowness 2, slow metabolism
1, spit poison 2, AC +1
a: Spit Poison, Bend Time, Renounce Religion


You were in the Dungeon.
You worshipped Cheibriados.
Cheibriados was aware of your devotion.
You were not hungry.

You visited 1 branch

Inventory:

Hand Weapons
 a - a +0 long sword (weapon)
 p - a +2 scimitar of holy wrath
Armour
 b - a +0 scale mail
 c - a +0 shield (worn)
 q - a +0 naga barding (worn)
 r - a +1 chain mail (worn)
Magical Staves
 o - an uncursed staff of energy
Jewellery
 s - a +3 ring of intelligence (left hand)
 t - a +2 ring of protection (right hand)
Wands
 n - a wand of lightning (5/15)
Scrolls
 k - 2 scrolls of blinking
 l - 3 scrolls of remove curse
 m - 2 scrolls of amnesia
Potions
 e - 5 potions of curing
 g - 3 potions of heal wounds
 h - a potion of haste
 i - 4 potions of magic
Comestibles
 f - a bread ration


   Skills:
 + Level 5.9 Fighting
 * Level 5.0 Long Blades
 + Level 5.4 Armour
 + Level 2.5 Dodging
 + Level 5.5 Shields
 - Level 0.6 Evocations


You had 4 spell levels left.
You didn't know any spells.

Dungeon Overview and Level Annotations

Branches:
Dungeon (1/1)

Altars:
Cheibriados
Dithmenos
Elyvilon
Fedhas
Gozag
Kikubaaqudgha
Makhleb
Nemelex Xobeh
Okawaru
Pakellas
Qazlal
Ru
Sif Muna
Trog
Vehumet
Xom
Yredelemnul
Zin
The Shining One
Beogh
Jiyva
Lugonu


Innate Abilities, Weirdness & Mutations

You cannot wear boots.
Your serpentine skin is tough (AC +1).
You have supernaturally acute eyesight.
Armour fits poorly on your strangely shaped body.
Your system is resistant to poisons.
You cover ground very slowly.
You have a slow metabolism.
You can spit poison.


Message History

You hit the orc warrior but do no damage.
The orc warrior is lightly wounded.
The orc warrior hits you with a scimitar!
* * * LOW HITPOINT WARNING * * *
You are too injured to fight recklessly!
You are too injured to fight recklessly!
Drink which item? (? for menu, Esc to quit)
You feel very mighty all of a sudden. You block the orc warrior's attack.
You hit the orc warrior.
The orc warrior is moderately wounded.
You block the orc warrior's attack.
You closely miss the orc warrior.
The orc warrior is moderately wounded.
The orc warrior hits you with a scimitar!
* * * LOW HITPOINT WARNING * * *
You hit the orc warrior.
The orc warrior is heavily wounded.
The orc warrior hits you with a scimitar!
You die... ▓▓▓▓▓▓▓▓▓▓▓▓▓▓▓▓▓▓▓▓▓▓▓▓ _______'...)[...@ooh...† ▓▓▓▓▓▓▓▓▓▓▓▓▓▓▓▓▓▓▓▓▓▓▓▓

You could see an orc warrior, a black bear and an orc.

Vanquished Creatures
  A sky beast (D)
  An ogre (D)
  An adder (D)
  An adder zombie (D)
  A giant gecko (D)
  A bat (D)
  A bat zombie (D)
  2 goblins (D)
  A quokka (D)
  A ball python (D)
  A giant cockroach zombie (D)
  A giant newt (D)
13 creatures vanquished.

Notes
Turn   | Place    | Note
--------------------------------------------------------------
     0 | D        | chei the Naga Fighter began the quest for the Orb.
     0 | D        | Reached XP level 1. HP: 21/21 MP: 1/1
   159 | D        | Noticed a sky beast
   163 | D        | Reached XP level 2. HP: 28/28 MP: 2/2
   173 | D        | Killed a sky beast
   173 | D        | Reached skill level 5 in Fighting
   173 | D        | Reached skill level 1 in Dodging
   173 | D        | Reached XP level 3. HP: 38/39 MP: 3/3
   173 | D        | Reached XP level 4. HP: 45/46 MP: 4/4
   178 | D        | Reached skill level 5 in Shields
   363 | D        | Found a glowing silver altar of Zin.
   363 | D        | Found a glowing golden altar of the Shining One.
   363 | D        | Found an ancient bone altar of Kikubaaqudgha.
   363 | D        | Found a basalt altar of Yredelemnul.
   363 | D        | Found a shimmering altar of Xom.
   363 | D        | Found a radiant altar of Vehumet.
   364 | D        | Found an iron altar of Okawaru.
   365 | D        | Found a burning altar of Makhleb.
   366 | D        | Found a deep blue altar of Sif Muna.
   367 | D        | Found a bloodstained altar of Trog.
   368 | D        | Found a sparkling altar of Nemelex Xobeh.
   369 | D        | Found a white marble altar of Elyvilon.
   370 | D        | Found a roughly hewn altar of Beogh.
   371 | D        | Found a viscous altar of Jiyva.
   372 | D        | Found a corrupted altar of Lugonu.
   373 | D        | Found a blossoming altar of Fedhas.
   374 | D        | Found a snail-covered altar of Cheibriados.
   375 | D        | Found a shadowy altar of Dithmenos.
   376 | D        | Found a stormy altar of Qazlal.
   377 | D        | Found an opulent altar of Gozag.
   378 | D        | Found a sacrificial altar of Ru.
   379 | D        | Found an oddly glowing altar of Pakellas.
   382 | D        | Became a worshipper of Cheibriados the Contemplative
   429 | D        | Noticed an ogre
   429 | D        | Noticed an orc warrior
   429 | D        | Noticed a black bear
   435 | D        | Reached * piety under Cheibriados
   441 | D        | Killed an ogre
   441 | D        | Reached skill level 5 in Long Blades
   441 | D        | Reached skill level 5 in Armour
   441 | D        | Reached XP level 5. HP: 42/55 MP: 5/5
   450 | D        | HP: 2/55 [orc warrior/scimitar (12)]
   451 | D        | Mangled by an orc warrior

Vault maps used:
D:        linesprint

Skill      XL: |  1  2  3  4 |
---------------+-------------+-----
Shields        | 3 4 5 |  5.5
Fighting       | 5 |  5.9
Long Blades    | 3 5 |  5.0
Armour         | 4 5 |  5.4
Dodging        | 1 2 |  2.5
Evocations     | |  0.6

Action                   |  1- 3 |  4- 6 || total
-------------------------+-------+-------++-------
Melee: Long sword        |    43 |    23 ||    66
Evoke: Wand              |       |     2 ||     2
  Use: Potion            |     1 |     2 ||     3
 Stab: Invisible         |       |     3 ||     3
